Zazza, neutral female human Tourist -------- |...<..| .......| |......| +......| ## ----.--- ## # #`## # # ## # ### ##` # # # ### ### # # # # # ## #### # ---.--|--## f |{......-## #@+ |.......| --------- Zazza the Rambler Experience level: 1 Strength: 12 Dexterity: 9 Constitution: 16 Intelligence: 13 Wisdom: 9 Charisma: 18 Health: 0(10) Energy: 2(2) Def: 3 Gold: 573 Moves: 2545 Dungeon seed: _duTX7wJlez5yHV4 Game ID: Zazza_1619103443 Your Inventory: Coins $ - 573 gold pieces Weapons a - 30 +2 darts E - a +0 elven dagger (weapon in hand) Q - a +0 long sword Armor e - an uncursed +0 Hawaiian shirt (being worn) y - a blessed +2 cloak of displacement (being worn) Comestibles b - 3 uncursed tripe rations d - an uncursed food ration g - an uncursed egg h - an uncursed apple Scrolls j - an uncursed scroll of magic mapping s - an uncursed scroll of taming L - an uncursed scroll of create monster M - an uncursed scroll of amnesia N - an uncursed scroll of identify O - an uncursed scroll of light Spellbooks w - an uncursed spellbook of detect monsters Potions i - 2 uncursed potions of extra healing G - an uncursed potion of gain energy I - a blessed potion of oil Rings o - an uncursed ring of protection from shape changers (on left hand) Tools k - an expensive camera (0:44) l - an uncursed credit card r - a magic marker (0:40) R - an uncursed lock pick Gems n - an uncursed luckstone Spells and supernatural/magical abilities: Name Level Category Fail Memory W - pray for help -- divine ? -- Your skills at the end: Fighting Skills Weapon Skills dart [Basic] Spellcasting Skills Final Attributes: You were nominally aligned. You were displaced. You were protected from shape changers. You were lucky. You had extra luck. Bad luck did not time out for you. Good luck did not time out for you. You are dead. Vanquished creatures: a hobbit 4 manes a hobgoblin a brown mold a yellow mold 2 geckos 5 jackals a fox 2 kobolds 2 goblins 3 sewer rats 9 grid bugs 3 lichens 8 newts 43 creatures vanquished. Voluntary challenges: You were vegetarian. You used a wielded weapon 2 times, starting on turn 2343. You read items or engraved 5 times, starting on turn 58. You never genocided any monsters. You never polymorphed an object. You never changed form. You used no wishes. You never split a pudding. You wrote Elbereth's name 1 time, starting on turn 124. You never violated your personal moral code. Dungeon overview: The Dungeons of Doom: levels 1 to 6 Level 1 a fountain, a sink a long staircase Level 2 some altars to Blind Io and The Lady Level 3 a general store Level 4 stairs to The Gnomish Mines Level 5 a general store Level 6 <- You were here a fountain The Gnomish Mines: Level 5 stairs to The Dungeons of Doom History has recorded: On T:1 you entered the Dungeons of Doom to retrieve the Amulet of Yendor! On T:515 you reached level 2 of The Dungeons of Doom. On T:882 you reached level 3 of The Dungeons of Doom. On T:1537 you reached level 4 of The Dungeons of Doom. On T:1851 you reached level 1 of The Gnomish Mines. On T:1893 you reached level 5 of The Dungeons of Doom. On T:2452 you reached level 6 of The Dungeons of Doom. Score breakdown: Gold: 319 ( 8521 points) Experience: 1 level ( 0 points) Exploration: 6 levels ( 11.54%) ( 9393 points) Discoveries: 8 items ( 2.68%) ( 4915 points) Valuables value: (no points given unless you survive) Artifact value: 0 ( 0 points) Variety of kills: 14 monsters ( 3.67%) ( 5750 points) Turncount: 2545 turns ( -356 points) Survival: died (score multiplied by 80%) Total score: 22578 Latest messages: You displace Armand. The door opens. $ - 33 gold pieces. You see here a lock pick. R - a lock pick. The door resists! (2x) The door opens. You displace Armand. The manes hits! (2x) The manes bites! You miss the manes. Armand bites the manes. The manes is destroyed! You hear some noises. You stop. Armand is in the way! You displace Armand. You hear some noises. You displace Armand. You hear a door open. You displace Armand. The door opens. KABOOM!! The door was booby-trapped! You die... Final status: Aloha Zazza the Tourist, killed by an explosion... You died in The Dungeons of Doom on dungeon level 6 with 22578 points, and 573 pieces of gold, after 2545 moves. You were level 1 with a maximum of 10 hit points when you died.